 Dungeon Crawl Stone Soup version 0.28-a0-1348-g050f3537b9 (webtiles) character file.

Game seed: 10623598967330847686

553 Grim the Skirmisher (level 7, -1/54 HPs)
             Began as a Djinni Air Elementalist on Dec 30, 2021.
             Slain by Ijyb (6 damage)
             ... on level 3 of the Dungeon.
             The game lasted 00:10:02 (5131 turns).

Grim the Skirmisher (Djinni Air Elementalist)       Turns: 5131, Time: 00:10:03

Health: -1/54      AC:  4    Str:  9    XL:     7   Next: 55%
Gold:   95         EV: 12    Int: 17    God:
                   SH:  0    Dex: 13

rFire   + + .      SeeInvis .   e - +0 short sword
rCold   x . .      Faith    .   (no shield)
rNeg    . . .      Spirit   .   a - +0 robe
rPois   ∞          Reflect  .   m - +0 helmet
rElec   .          Harm     .   d - +0 cloak
rCorr   .          Rampage  .   (no gloves)
Will    .....                   (boots unavailable)
Stlth   ++........              (no amulet)
HPRegen 0.18/turn               (no ring)
MPRegen 0.00/turn               (no ring)

@: flying, very slightly contaminated
A: sickness immunity, fire resistance 2, cold vulnerability 1, float, innate
caster, hp casting, extra vitality 1
a: no special abilities


You were on level 3 of the Dungeon.
You visited 1 branch of the dungeon, and saw 3 of its levels.

You collected 95 gold pieces.

Inventory:

Hand Weapons
 e - a +0 short sword (weapon)
Missiles
 i - 5 boomerangs
 o - 12 poisoned darts
Armour
 a - a +0 robe (worn)
 d - a +0 cloak (worn)
 m - a +0 helmet (worn)
Jewellery
 j - a ring of protection from cold
Scrolls
 c - 2 scrolls of immolation {unknown}
 f - a scroll of blinking {unknown}
 g - 2 scrolls of teleportation {unknown}
 k - a scroll of identify {unknown}
 n - a scroll of enchant armour {unknown}
Potions
 b - 2 potions of might {unknown}
 h - a potion of curing {unknown}
 l - 2 potions of brilliance {unknown}


   Skills:
 + Level 5.1 Fighting
 - Level 2.1 Dodging
 - Level 1.5 Stealth
 + Level 4.7 Spellcasting


You couldn't memorise any spells.
You knew the following spells:

 Your Spells              Type           Power      Damage    Failure   Level
a - Shock                 Conj/Air       80%        1d8       1%          1
b - Static Discharge      Conj/Air       20%        N/A       3%          2
c - Swiftness             Air            20%        N/A       6%          3
d - Airstrike             Air            10%        N/A       21%         4
e - Animate Skeleton      Necr           40%        N/A       1%          1
f - Searing Ray           Conj           40%        2d5       3%          2
g - Confusing Touch       Hex            20%        N/A       6%          3
Your spell library was empty.

Dungeon Overview and Level Annotations

Branches:
Dungeon (3/15)

Altars:
Nemelex Xobeh

Annotations:
D:3 Ijyb


Innate Abilities, Weirdness & Mutations

You are immune to sickness and miasma.
You are immune to poison.
Your flesh is very heat resistant. (rF++)
You are vulnerable to cold. (rC-)
You float through the air rather than walking.
You learn spells naturally, not from books.
Your magical power is your life essence.
You have superior vitality. (+4 MHP)


Message History

* * * LOW HITPOINT WARNING * * *
The searing ray hits Ijyb but does no damage.
Ijyb is severely wounded.
* * * LOW HITPOINT WARNING * * *
Ijyb hits you with a +3 dagger of venom.
* * * LOW HITPOINT WARNING * * *
The searing ray hits Ijyb but does no damage.
Ijyb is severely wounded.
* * * LOW HITPOINT WARNING * * *
You finish channelling your searing ray.
Ijyb hits you with a +3 dagger of venom.
* * * LOW HITPOINT WARNING * * *
Casting: Searing Ray (safe; 3% risk of failure)
Confirm with . or Enter, or press ? or * to list all spells.
Aiming: Searing Ray (safe; 3% risk of failure)
Press: ? - help, Shift-Dir - straight line, f/p - Ijyb
Aim: Ijyb, wielding a +3 dagger of venom, wearing a +0 ring mail and carrying a wand of digging (6) (severely wounded, 75% to hit)
You miscast Searing Ray.
Nothing appears to happen.
* * * LOW HITPOINT WARNING * * *
Ijyb barely misses you.
Casting: Searing Ray (safe; 3% risk of failure)
Confirm with . or Enter, or press ? or * to list all spells.
Aiming: Searing Ray (safe; 3% risk of failure)
Press: ? - help, Shift-Dir - straight line, f/p - Ijyb
Aim: Ijyb, wielding a +3 dagger of venom, wearing a +0 ring mail and carrying a wand of digging (6) (severely wounded, 75% to hit)
The searing ray hits Ijyb.
Ijyb is almost dead. (Press . to maintain the ray.)
* * * LOW HITPOINT WARNING * * *
Ijyb hits you with a +3 dagger of venom.
* * * LOW HITPOINT WARNING * * *
The searing ray hits Ijyb.
Ijyb is almost dead.
* * * LOW HITPOINT WARNING * * *
Ijyb hits you with a +3 dagger of venom.
* * * LOW HITPOINT WARNING * * *
The searing ray misses Ijyb.
* * * LOW HITPOINT WARNING * * *
Ijyb hits you with a +3 dagger of venom.
You die...

######.# #.# ..
...# #.##.# #..# #
#.##.# #..#
...###.##.#####..##
..................
...###.##.#####..#
# # ##...#.#
##.g#.###
#......####..@....#
##...#........#.#.#
##.#######.### #
#.# #.# #.# ... #+#
.#... #.####. # .#
#


You could see Ijyb.

Vanquished Creatures
  Grinder (D:3)
  Sigmund (D:3)
  4 adders
  7 gnolls (D:2)
  4 worms
  6 dart slugs
  5 ball pythons
  6 bats
  4 endoplasms
  2 giant cockroaches
  6 goblins
  7 hobgoblins
  4 jackals (D:2)
  5 quokkas
  4 frilled lizards
  7 kobolds
  4 rats
77 creatures vanquished.

Notes
Turn   | Place    | Note
-------+----------+-------------------------------------------
     0 | D:1      | Grim the Djinni Air Elementalist began the quest for the
                  | Orb.
     0 | D:1      | Reached XP level 1. HP: 15/15 MP: 0/0
   161 | D:1      | Reached XP level 2. HP: 13/22 MP: 0/0
   163 | D:1      | Reached skill level 1 in Fighting
   851 | D:1      | Found a faded altar of an unknown god.
   866 | D:1      | Reached XP level 3. HP: 26/27 MP: 0/0
   866 | D:1      | Learned a level 1 spell: Animate Skeleton
  1721 | D:2      | Reached skill level 2 in Fighting
  1728 | D:2      | Reached XP level 4. HP: 12/33 MP: 0/0
  2314 | D:2      | Reached XP level 5. HP: 34/40 MP: 0/0
  2314 | D:2      | Learned a level 2 spell: Searing Ray
  2572 | D:2      | Reached skill level 3 in Fighting
  3256 | D:2      | Found a sparkling altar of Nemelex Xobeh.
  4103 | D:3      | Noticed Grinder
  4114 | D:3      | Killed Grinder
  4115 | D:3      | Reached skill level 4 in Fighting
  4115 | D:3      | Reached XP level 6. HP: 15/48 MP: 0/0
  4115 | D:3      | Reached XP level 7. HP: 17/53 MP: 0/0
  4115 | D:3      | Learned a level 3 spell: Confusing Touch
  4666 | D:3      | Noticed Sigmund
  4726 | D:3      | Killed Sigmund
  4727 | D:3      | Reached skill level 5 in Fighting
  5117 | D:3      | Noticed Ijyb
  5131 | D:3      | Slain by Ijyb

Illustrated notes

Levels and vault maps discovered:
D:1:      heliophobic_arrival_enchanted_forest, layout_loops_ring,
          shapermc_ecumenical_altar_venn, chequers_hall_statues_y
D:2:      layout_rooms, basic_altar
D:3:      layout_loops_corners, uniq_ijyb, uniq_sigmund, uniq_grinder

Skill      XL: |  1  2  3  4  5  6  7 |
---------------+----------------------+-----
Fighting       | 1 2 4 5 |  5.1
Spellcasting   | 3 4 |  4.7
Dodging        | |  2.1
Stealth        | |  1.5

Action                   |  1- 3 |  4- 6 |  7- 9 || total
-------------------------+-------+-------+-------++-------
 Cast: Shock             |    70 |    86 |    24 ||   180
       Static Discharge  |     7 |    10 |     2 ||    19
       Searing Ray       |       |     3 |     5 ||     8
       Swiftness         |       |       |     1 ||     1
       Airstrike         |       |       |     1 ||     1
Armor: Robe              |     6 |     5 |     1 ||    12
Dodge: Dodged            |     8 |    18 |     5 ||    31

Table legend: (Time is in decaauts)
 A = Elapsed time spent in this place.
 B = Non-inter-level travel time spent in this place.
 C = Inter-level travel time spent in this place.
 D = Time resting spent in this place.
 E = Time spent auto-exploring this place.
 F = Levels seen in this place.
 G = Mean time per level.
                   A        B        C        D        E       F      G
               +--------+--------+--------+--------+--------+-----+--------+
         Total |   5135 |   5036 |     99 |   2630 |   1916 |   3 | 1711.7 |
       Dungeon |   5135 |   5036 |     99 |   2630 |   1916 |   3 | 1711.7 |
               +--------+--------+--------+--------+--------+-----+--------+

Top non-repeatable levels by time:
     D:1: 2424 daAuts
     D:2: 1507 daAuts
     D:3: 1204 daAuts
